AoeStats
← noob

Black Forest

510049856Analyzed
3v3 RM · 2d ago on Sep 29, 2026· 149m 27s· 6 players
Game mode
Random Map
Map size
Normal (6 player)
Population
200
Speed
Normal
Resources
Standard
Victory
Conquest
Starting age
Dark Age
Ending age
Imperial Age
RankedLock teamsTeams togetherTeam positionsShared explorationLock speedFull tech treeHidden civsTurbo modeCheats
Victory
Defeat
🇨🇳 Varangians · China
875
+9
🇨🇳 Danes · China
768
+13
🇨🇳 Saxons · China
723
+14
🇨🇳 Celts · China
717
-13
🇺🇸 Danes · United States
702
-12
🇳🇿 Shu · New Zealand
668
-11
Zace
0:50 Loom
12:50 Feudal Age
14:09 Wheelbarrow
13:16 Horse Collar
13:23 Double-Bit Axe
23:15 Castle Age
21:32 Gold Mining
21:32 Stone Mining
22:59 Forging
22:39 Fletching
22:50 Padded Archer Armor
22:50 Scale Mail Armor
22:56 Scale Barding Armor
23:14 Arson
25:52 Hand Cart
26:39 Caravan
27:25 Bow Saw
27:17 Heavy Plow
27:32 Treadmill Crane
28:39 Gold Shaft Mining
31:37 Pikeman
32:21 Squires
33:00 Fortified Wall
32:48 Murder Holes
32:49 Crossbowman
38:36 Imperial Age
36:23 Thumb Ring
36:22 Husbandry
36:50 Bodkin Arrow
37:27 Ballistics
37:18 Masonry
36:59 Guard Tower
39:13 Leather Archer Armor
39:14 Chain Mail Armor
39:19 Chain Barding Armor
38:49 Arbalester
39:35 Bracer
40:37 Chemistry
39:42 Halberdier
40:45 Conscription
40:38 Arrowslits
41:58 Ring Archer Armor
41:59 Plate Mail Armor
42:03 Coiled Serpent Array
43:47 Plate Barding Armor
43:45 Architecture
44:35 Bolt Magazine
45:27 Man-at-Arms
45:53 Gambesons
45:58 Heavy Hei Guang Cavalry
48:49 Two-Man Saw
48:07 Heavy Cavalry Archer
52:30 Siege Engineers
52:56 Capped Ram
54:03 Elite White Feather Guard
64:45 Siege Ram
67:48 Hoardings
70:16 Coinage
70:02 Guilds
70:19 Long Swordsman
71:00 Two-Handed Swordsman
93:33 Champion
98:46 Onager
113:11 Light Cavalry
136:39 Banking
felix
3:03 Loom
13:42 Feudal Age
15:01 Wheelbarrow
14:07 Horse Collar
14:14 Double-Bit Axe
14:22 Town Watch
24:31 Castle Age
25:33 Hand Cart
25:20 Heavy Plow
25:53 Bow Saw
25:52 Town Patrol
25:56 Gold Mining
28:14 Caravan
29:27 Stone Mining
39:02 Imperial Age
37:38 Hamask
39:22 Scale Mail Armor
39:22 Padded Archer Armor
39:34 Forging
39:15 Fletching
39:31 Scale Barding Armor
40:26 Gold Shaft Mining
40:26 Stone Shaft Mining
39:54 Elite Jomsviking
41:12 Hoardings
41:14 Conscription
42:37 Chain Mail Armor
42:38 Leather Archer Armor
42:18 Bodkin Arrow
42:59 Iron Casting
43:03 Northmen's Fury
48:40 Chain Barding Armor
48:51 Plate Mail Armor
49:21 Blast Furnace
48:53 Ring Archer Armor
48:24 Bracer
51:43 Plate Barding Armor
55:52 Thumb Ring
55:09 Cranequins
55:10 Heavy Mounted Crossbowman
62:36 Masonry
62:32 Siege Engineers
62:37 Careening
62:23 Murder Holes
62:38 Clinker Construction
62:19 Heated Shot
62:49 Ballistics
62:50 Shipwright
62:21 Guard Tower
62:16 Arrowslits
63:34 Chemistry
67:30 Pikeman
69:27 Elite Varangian Guard
70:48 Gambesons
71:07 Squires
70:53 Arson
74:07 Keep
79:58 Sanctity
79:39 Devotion
80:15 Theocracy
85:16 Halberdier
85:30 Elite Skirmisher
94:19 Heavy Scorpion
102:36 Husbandry
102:47 Bloodlines
101:58 Light Cavalry
108:03 Redemption
108:26 Illumination
108:22 Fervor
108:30 Block Printing
108:32 Redemption
111:26 Redemption
140:20 Crossbowman
noob
2:01 Loom
12:10 Feudal Age
13:12 Horse Collar
13:19 Double-Bit Axe
17:38 Castle Age
16:48 Gold Mining
18:43 Heavy Plow
18:56 Bow Saw
21:06 Stone Mining
27:07 Stone Mining
34:46 Imperial Age
32:05 Town Watch
32:32 Arson
32:33 Gambesons
32:09 Man-at-Arms
33:48 Wheelbarrow
34:12 Stone Shaft Mining
34:00 Caravan
34:25 Scale Mail Armor
34:42 Forging
35:48 Hand Cart
36:59 Ballistics
37:28 Gold Shaft Mining
38:24 Chemistry
38:53 Masonry
39:06 Chain Mail Armor
39:28 Iron Casting
39:16 Fletching
40:01 Capped Ram
43:04 Hoardings
42:53 Conscription
44:07 Plate Mail Armor
44:38 Blast Furnace
46:08 Siege Engineers
45:34 Onager
46:42 Heavy Scorpion
48:44 Siege Ram
50:44 Furor Celtica
50:05 Pikeman
51:02 Bodkin Arrow
52:43 Siege Onager
52:54 Long Swordsman
54:47 Padded Archer Armor
54:42 Stronghold
54:56 Town Patrol
56:10 Leather Archer Armor
59:19 Murder Holes
59:34 Fortified Wall
59:11 Arrowslits
59:16 Guard Tower
61:11 Elite Woad Raider
61:24 Sappers
64:59 Two-Handed Swordsman
65:47 Scale Barding Armor
65:45 Champion
65:52 Champion
68:53 Chain Barding Armor
69:18 Halberdier
74:08 Ring Archer Armor
74:16 Keep
74:39 Guilds
75:01 Coinage
75:05 Elite Skirmisher
75:11 Crossbowman
76:28 Heavy Mounted Crossbowman
78:26 Husbandry
77:50 Light Cavalry
77:52 Cavalier
79:13 Hussar
80:54 Paladin
142:35 Banking
n00b
11:00 Feudal Age
11:57 Double-Bit Axe
13:28 Horse Collar
16:04 Castle Age
16:55 Bow Saw
16:47 Heavy Plow
17:17 Gold Mining
17:17 Stone Mining
22:54 Wheelbarrow
25:13 Gold Shaft Mining
27:03 Hand Cart
29:35 Imperial Age
28:46 Scale Mail Armor
28:56 Forging
28:50 Caravan
30:05 Chain Mail Armor
30:55 Crop Rotation
31:27 Two-Man Saw
31:46 Plate Mail Armor
31:51 Iron Casting
32:43 Conscription
31:46 Clerical Recruitment
31:51 Shield Wall
33:04 Guilds
36:15 Arson
36:15 Gambesons
36:30 Squires
35:52 Elite Varangian Guard
36:10 Elite Hearth Troop
36:12 Clerical Recruitment
37:21 Fletching
37:31 Padded Archer Armor
37:42 Guard Tower
37:49 Murder Holes
38:04 Fortified Wall
37:41 Arrowslits
39:21 Leather Archer Armor
39:01 Bodkin Arrow
40:10 Chemistry
39:17 Siege Engineers
39:49 Keep
39:38 Loom
39:38 Town Watch
41:25 Ring Archer Armor
40:55 Bracer
42:42 Ballistics
42:13 Heated Shot
42:04 Treadmill Crane
42:34 Masonry
42:45 Block Printing
42:55 Illumination
42:31 Devotion
42:51 Sanctity
42:43 Redemption
42:33 Atonement
44:12 Hoardings
43:45 Scale Barding Armor
43:54 Pikeman
43:55 Man-at-Arms
45:34 Town Patrol
45:44 Onager
45:47 Heavy Scorpion
47:34 Chain Barding Armor
47:49 Architecture
46:59 Halberdier
47:00 Long Swordsman
47:39 Two-Handed Swordsman
51:37 Coinage
53:41 Champion
71:31 Banking
75:48 Elite Skirmisher
101:33 Theocracy
120:47 Heavy Scorpion
Spike
13:03 Feudal Age
13:44 Horse Collar
13:57 Double-Bit Axe
18:19 Forging
18:10 Scale Mail Armor
22:15 Castle Age
24:51 Heavy Plow
28:09 Caravan
28:47 Gold Mining
28:47 Stone Mining
34:28 Imperial Age
33:44 Stone Shaft Mining
33:44 Gold Shaft Mining
35:26 Heavy Scorpion
35:30 Elite Jomsviking
36:32 Conscription
35:34 Hamask
37:00 Hoardings
40:52 Chemistry
40:12 Ballistics
39:59 Siege Engineers
40:32 Iron Casting
40:13 Chain Mail Armor
42:34 Blast Furnace
41:26 Fletching
46:41 Plate Mail Armor
46:07 Bodkin Arrow
46:12 Padded Archer Armor
47:18 Wheelbarrow
50:26 Northmen's Fury
82:29 Bracer
82:45 Leather Archer Armor
116:32 Capped Ram
119:13 Murder Holes
119:53 Siege Ram
sakura琉璃
13:20 Feudal Age
14:04 Horse Collar
17:05 Wheelbarrow
16:38 Gold Mining
16:43 Double-Bit Axe
18:59 Scale Barding Armor
19:06 Forging
23:08 Castle Age
21:34 Stone Mining
24:46 Heavy Plow
25:00 Bow Saw
25:29 Stone Shaft Mining
24:59 Caravan
28:34 Ballistics
29:37 Gambesons
29:52 Squires
30:09 Masonry
29:55 Murder Holes
30:19 Hand Cart
31:02 Husbandry
31:12 Bloodlines
35:38 Imperial Age
36:03 Elite Jarl
36:46 Town Watch
38:23 Vendel Legacy
39:40 Town Patrol
39:59 Gothikon
41:00 Conscription
41:48 Chemistry
41:20 Architecture
40:56 Siege Engineers
42:00 Treadmill Crane
41:50 Elite Varangian Guard
44:43 Chain Barding Armor
45:01 Iron Casting
44:17 Fletching
44:28 Padded Archer Armor
45:54 Loom
47:38 Plate Barding Armor
48:04 Blast Furnace
47:05 Scale Mail Armor
49:25 Fortified Wall
58:46 Chain Mail Armor
58:47 Leather Archer Armor
58:27 Bodkin Arrow
81:22 Coinage
83:09 Banking
90:09 Plate Mail Armor
90:09 Ring Archer Armor
89:39 Bracer
114:52 Arson
Connection lost

Rejoining the realm…

Still unreachable

The connection could not be restored.

Session expired

The server has moved on; the page needs a fresh start.